Map: [ESL] Data-C

Players

Classic

  • Race: Protoss Protoss
  • Spawn Location: 3:00

Spirit (souL) - Winner!

  • Race: Terran Terran
  • Spawn Location: 9:00

VOD

Have the link to the VOD?

Description

Time

  • Played on: Oct. 23, 2022, 6:33 p.m.
  • Length: 9:41
Show
View Real Time Build Order
Export as new Build Order

Classic Protoss 

Build Orders: 1 Gate Expand, Blink Stalkers 

Get SALT Encoding   

  12  0:00  Probe  
  13  0:12  Probe  
  14  0:17  Pylon  
  14  0:24  Probe  
  15  0:36  Gateway  
  15  0:38  Probe (Chrono Boost)  
  16  0:48  Probe (Chrono Boost), Assimilator  
  17  0:53  Probe (Chrono Boost)  
  18  1:04  Probe  
  19  1:16  Probe  
  20  1:23  Cybernetics Core  
  20  1:34  Nexus  
  20  1:40  Pylon  
  20  1:44  Probe  
  21  1:49  Assimilator  
  21  1:56  Probe  
  21  1:57  Adept (Chrono Boost)  
  24  2:02  Warp Gate  
  24  2:08  Probe  
  25  2:18  Twilight Council  
  25  2:20  Probe  
  26  2:26  Stalker  
  28  2:32  Probe  
  29  2:38  Shield Battery  
  29  2:45  Probe (Chrono Boost)  
  29  2:48  Probe (Chrono Boost)  
  31  2:52  Blink (Chrono Boost)  
  31  2:57  Probe (Chrono Boost)  
  33  2:58  Probe (Chrono Boost)  
  33  3:01  Probe (Chrono Boost)  
  33  3:03  Probe (Chrono Boost)  
  35  3:11  Probe  
  36  3:13  Stalker  
  36  3:15  Probe  
  39  3:26  Gateway, Probe  
  41  3:27  Probe  
  39  3:35  Robotics Facility  
  39  3:38  Probe  
  39  3:39  Probe  
  40  3:47  Pylon  
  40  3:50  Probe  
  40  3:51  Probe  
  40  3:52  Stalker  
  40  3:54  Assimilator  
  44  3:58  Pylon  
  44  4:02  Probe  
  45  4:03  Probe  
  46  4:14  Probe  
  46  4:15  Probe  
  48  4:18  Stalker  
  48  4:19  Stalker  
  52  4:26  Observer  
  52  4:27  Nexus  
  53  4:34  Robotics Bay, Probe  
  53  4:35  Probe  
  55  4:40  Assimilator  
  55  4:44  Pylon  
  55  4:46  Probe  
  55  4:47  Probe  
  55  4:51  Observer  
  58  4:59  Pylon  
  58  5:02  Gateway  
  58  5:04  Probe x2, Gateway  
  60  5:10  Stalker x2  
  64  5:14  Forge  
  64  5:18  Pylon  
  64  5:20  Disruptor (Chrono Boost)  
  64  5:26  Probe x2  
  69  5:36  Stalker x2  
  69  5:38  Probe x2  
  75  5:46  Disruptor (Chrono Boost)  
  75  5:47  Protoss Ground Weapons Level 1  
  75  5:49  Probe  
  79  5:50  Probe x2  
  79  5:56  Stalker  
  83  6:00  Stalker x2  
  84  6:15  Stalker  
  84  6:17  Probe x3  
  89  6:21  Disruptor  
  89  6:24  Pylon  
  92  6:29  Probe x3 (Chrono Boost)  
  92  6:31  Charge  
  95  6:38  Probe (Chrono Boost)  
  95  6:39  Probe x2 (Chrono Boost)  
  98  6:42  Shield Battery  
  98  6:43  Gateway  
  98  6:45  Probe x3  
  101  6:59  Zealot x4  
  109  7:03  Pylon  
  109  7:04  Gateway  
  109  7:08  Gateway  
  109  7:09  Pylon  
  109  7:21  Disruptor  
  109  7:22  Zealot x3, Pylon  
  115  7:27  Zealot  
  119  7:31  Gateway  
  119  7:35  Pylon  
  119  7:39  Assimilator  
  119  7:41  Probe x3  
  116  7:54  Probe x3  
  108  8:00  Zealot x6  
  105  8:08  Disruptor (Chrono Boost)  
  100  8:15  Zealot  
  100  8:18  Nexus  
  102  8:22  Zealot x4  
  102  8:23  Zealot x2  
  114  8:33  Disruptor  
  98  8:37  Probe x3  
  96  8:47  Stalker x2  
  96  8:48  Stalker x5  
  94  9:04  Disruptor, Probe x3, Pylon  
  100  9:16  Probe  
  101  9:18  Stalker x6  
  101  9:23  Zealot  
Show
View Real Time Build Order
Export as new Build Order

Spirit Terran - Winner!

Build Orders: Reaper Expand 

Get SALT Encoding   

  12  0:00  SCV  
  13  0:12  SCV  
  14  0:17  Supply Depot  
  14  0:25  SCV  
  15  0:38  SCV  
  15  0:40  Barracks  
  16  0:45  Refinery  
  16  0:50  SCV  
  17  1:03  SCV  
  18  1:15  SCV  
  19  1:28  Reaper  
  19  1:29  Orbital Command  
  20  1:42  Command Center  
  20  1:51  Supply Depot  
  20  1:54  SCV  
  20  2:00  Marine  
  22  2:06  SCV  
  23  2:11  Factory  
  23  2:19  SCV  
  23  2:20  Bunker  
  24  2:22  Barracks Reactor  
  24  2:29  Refinery  
  24  2:32  SCV  
  25  2:44  SCV  
  26  2:55  Hellion  
  26  2:57  Starport  
  28  2:59  Orbital Command  
  28  3:00  SCV  
  28  3:04  Marine x2  
  31  3:12  SCV  
  31  3:17  Widow Mine  
  34  3:22  Marine  
  34  3:25  SCV  
  36  3:27  SCV  
  36  3:37  SCV, Marine  
  36  3:39  SCV, Medivac  
  36  3:40  Widow Mine  
  42  3:45  Supply Depot  
  42  3:49  SCV  
  42  3:51  SCV, Barracks  
  42  3:52  Marine  
  42  3:54  Marine  
  46  3:58  Supply Depot  
  46  4:06  SCV x2  
  46  4:07  Factory Tech Lab  
  48  4:14  Engineering Bay  
  48  4:17  Starport Tech Lab  
  48  4:18  SCV  
  48  4:20  SCV  
  48  4:21  Supply Depot  
  50  4:26  Siege Tank  
  50  4:30  Bunker  
  50  4:31  SCV  
  54  4:32  SCV  
  54  4:35  Marine x2  
  54  4:36  Raven  
  59  4:39  Barracks Tech Lab  
  59  4:41  Refinery  
  59  4:43  SCV  
  59  4:44  SCV  
  61  4:49  Barracks  
  61  4:53  Marine x2  
  61  4:55  SCV  
  61  4:56  SCV  
  61  4:57  Supply Depot  
  65  5:01  Siege Tank  
  65  5:04  Marine  
  69  5:07  SCV  
  69  5:11  Refinery  
  70  5:18  SCV, Marine x2  
  70  5:19  SCV, Stimpack  
  74  5:22  Marine  
  74  5:24  Supply Depot  
  73  5:30  SCV  
  73  5:34  Terran Infantry Weapons Level 1  
  73  5:35  SCV  
  75  5:36  Marine x2  
  78  5:42  SCV  
  78  5:46  Marauder x2  
  82  5:50  Supply Depot  
  82  5:52  Supply Depot  
  82  5:54  Combat Shield  
  81  5:58  Command Center  
  81  5:59  SCV  
  81  6:01  SCV  
  83  6:07  Starport Reactor  
  81  6:11  SCV  
  81  6:13  Marine  
  81  6:14  Marauder x2, Siege Tank  
  81  6:15  SCV  
  91  6:19  Supply Depot  
  91  6:20  Marine  
  91  6:21  Supply Depot  
  92  6:26  SCV  
  92  6:31  Marine  
  94  6:35  Marauder x2  
  94  6:39  Marine  
  99  6:43  Medivac x2  
  99  6:44  Barracks  
  99  6:46  Supply Depot x2  
  103  6:47  Barracks  
  103  6:49  Marine  
  103  6:53  SCV x2  
  106  6:56  Marauder x2  
  106  6:58  Concussive Shells, Factory Reactor  
  107  7:02  Marine  
  107  7:05  SCV x2  
  107  7:07  Marine  
  111  7:13  Medivac x2  
  115  7:17  SCV  
  115  7:18  Marauder x2  
  115  7:19  Marine  
  122  7:22  SCV  
  122  7:26  Marine  
  122  7:29  SCV  
  124  7:34  Terran Infantry Armor Level 1  
  124  7:35  SCV x2  
  126  7:41  SCV  
  126  7:43  Medivac x2  
  138  7:45  Barracks Reactor, Barracks Tech Lab  
  138  7:47  SCV x2  
  133  7:53  SCV  
  126  7:59  SCV x2, Marine  
  126  8:00  Marauder, Marine  
  117  8:05  SCV  
  117  8:07  Marine  
  117  8:08  Marine  
  115  8:13  Medivac x2  
  115  8:15  Widow Mine  
  115  8:16  Widow Mine, Orbital Command  
  115  8:17  Refinery x2, Marine  
  115  8:19  Marine  
  124  8:22  Marauder, Marine  
  124  8:23  Marine  
  124  8:25  Marauder  
  130  8:27  Marine  
  123  8:35  Marine  
  123  8:37  Widow Mine x2, Marine  
  123  8:40  Marine  
  122  8:41  Marine  
  122  8:42  Marine  
  122  8:45  Marine  
  122  8:46  Marine  
  125  8:51  Command Center  
  125  8:53  Marine  
  125  8:55  Marine  
  126  8:57  Liberator x2  
  126  8:58  Widow Mine x2, Marine  
  126  8:59  Marine  
  126  9:00  Marine  
  136  9:02  Marine  
  136  9:04  Marine  
  138  9:11  Marine  
  138  9:12  Supply Depot x2, Sensor Tower  
  138  9:13  Marine  
  138  9:15  Armory, Marine  
  138  9:16  SCV  
  138  9:17  Engineering Bay, Marine  
  142  9:19  Marauder  
  142  9:20  Ghost Academy, Widow Mine  
  142  9:21  Marine  
Tags
 
Add a new tag
Caveats
  • Supply blocks, unpowered buildings, or Contaminate may cause inaccurate times.
  • Supply counts are checked every 10 seconds.